 Dungeon Crawl Stone Soup version 0.22-a0-247-gbddf880 (webtiles) character file.

182 JeffiDaFish the Firebug (level 5, -1/38 HPs)
             Began as a Draconian Fire Elementalist on Feb 27, 2018.
             Was an Initiate of Vehumet.
             Killed by miscasting Sticky Flame (29 damage)
             ... on level 4 of the Dungeon.
             The game lasted 00:14:27 (4111 turns).

JeffiDaFish the Firebug (DrFE)                      Turns: 4111, Time: 00:14:28

Health: -1/38      AC:  7    Str: 11    XL:     5   Next: 34%
Magic:  3/10       EV: 12    Int: 16    God:    Vehumet [......]
Gold:   128        SH:  0    Dex: 11    Spells: 3/11 levels left

rFire    . . .     SeeInvis .   i - +3 falchion
rCold    . . .     Gourm    .   (no shield)
rNeg     . . .     Faith    .   (armour unavailable)
rPois    .         Spirit   .   (helmet restricted)
rElec    .         Reflect  .   (no cloak)
rCorr    .         Harm     .   e - +1 pair of gloves
MR       .....                  (no boots)
Stlth    ++........             (no amulet)
HPRegen  0.12/turn              (no ring)
MPRegen  0.12/turn              (no ring)

@: very slightly contaminated
A: unfitting armour, cold-blooded, AC +5
a: Renounce Religion


You were on level 4 of the Dungeon.
You worshipped Vehumet.
Vehumet was noncommittal.
You were not hungry.

You visited 1 branch of the dungeon, and saw 4 of its levels.

You collected 128 gold pieces.

Inventory:

Hand Weapons
 i - a +3 falchion (weapon)
Armour
 e - a +1 pair of gloves (worn)
 f - a +0 buckler
Scrolls
 c - a scroll of remove curse
 h - 2 scrolls of teleportation
Potions
 d - a potion of flight
 j - a potion of heal wounds
Comestibles
 a - 3 rations


   Skills:
 - Level 1.7 Dodging
 - Level 1.7 Stealth
 * Level 3.5 Spellcasting
 + Level 2.3 Conjurations
 * Level 4.5 Fire Magic


You had 3 spell levels left.
You knew the following spells:

 Your Spells              Type           Power        Failure   Level  Hunger
a - Flame Tongue          Conj/Fire      ##...        4%          1    None
b - Sticky Flame          Conj/Fire      ##......     38%         4    ####...
c - Confuse               Hex            #.......     47%         3    ###....


Dungeon Overview and Level Annotations

Branches:
Dungeon (4/15)
 Temple: D:4-7

Altars:
Makhleb
Vehumet
Wu Jian

Annotations:
D:3 COBRA's ghost, amateur MiFi


Innate Abilities, Weirdness & Mutations

Your plain brown scales are hard. (AC +5)
You cannot fit into any form of body armour.
You are cold-blooded and may be slowed by cold attacks.


Message History

Press: ? - help, Shift-Dir - straight line, f - howler monkey
Aim: a howler monkey (heavily wounded, catching its breath)
Okay, then.
Casting: Flame Tongue (safe; 4% risk of failure)
Confirm with . or Enter, or press ? or * to list all spells.
Aiming: Confuse (slightly dangerous; 47% risk of failure)
Press: ? - help, Shift-Dir - straight line, f - howler monkey
Aim: a howler monkey (heavily wounded, catching its breath, chance to defeat MR: 43%)
You miscast Confuse.
You are very lightly contaminated with residual magic.
Nothing appears to happen.
The howler monkey hits you!
Casting: Confuse (slightly dangerous; 47% risk of failure)
Confirm with . or Enter, or press ? or * to list all spells.
Aiming: Sticky Flame (quite dangerous; 38% risk of failure)
Press: ? - help, Shift-Dir - straight line, f/p - howler monkey
Aim: a howler monkey (heavily wounded, catching its breath)
You miscast Sticky Flame.
You are caught in a fiery explosion!
The explosion engulfs you!
Ouch! That really hurt!
You die...

##.....##
##.......##
###.........##
.'.........'.
#.........#
#.......#
#h....#
#@..#####
#.......#
#..####.# #..#
# #..####.##
##......!..
#.....##.## .#
##....#
....##.(#.##.#


You could see a howler monkey.

Vanquished Creatures
  A crimson imp (D:3)
  Terence (D:2)
  Robin (D:1)
  3 adders
  A worm (D:3)
  2 dart slugs (D:2)
  2 leopard geckos
  2 ball pythons
  6 bats
  4 giant cockroaches
  14 goblins
  9 hobgoblins
  8 jackals
  2 quokkas
  5 frilled lizards
  8 kobolds
  4 rats
73 creatures vanquished.

Vanquished Creatures (others)
  A kobold (D:3)
1 creature vanquished.

Grand Total: 74 creatures vanquished

Notes
Turn   | Place    | Note
-------+----------+-------------------------------------------
     0 | D:1      | JeffiDaFish the Draconian Fire Elementalist began the quest for the Orb.
     0 | D:1      | Reached XP level 1. HP: 14/14 MP: 3/3
   432 | D:1      | Reached XP level 2. HP: 20/20 MP: 5/5
   862 | D:2      | Noticed Robin
   879 | D:1      | Reached XP level 3. HP: 9/26 MP: 0/7
  1191 | D:1      | Killed Robin
  1462 | D:2      | Reached XP level 4. HP: 28/33 MP: 1/8
  1670 | D:2      | Learned a level 4 spell: Sticky Flame
  1670 | D:2      | Noticed Terence
  1714 | D:2      | Killed Terence
  1714 | D:2      | Reached skill level 4 in Fire Magic
  1930 | D:2      | Learned a level 3 spell: Confuse
  2283 | D:3      | Noticed COBRA's ghost (amateur MiFi)
  2824 | D:3      | Reached XP level 5. HP: 34/38 MP: 10/10
  2930 | D:3      | Found an ornate altar of the Wu Jian Council.
  2930 | D:3      | Found a radiant altar of Vehumet.
  2944 | D:3      | Became a worshipper of Vehumet
  3245 | D:3      | Found a burning altar of Makhleb.
  3245 | D:3      | Noticed an Executioner
  4111 | D:4      | Killed by miscasting Sticky Flame

Vault maps used:
D:1:      dpeg_arrival_stone_temple_mockup
D:2:      uniq_terence, uniq_robin
D:3:      gammafunk_temple_overflow_statue, kennysheep_crisscross,
          makhleb_altar_promises_db
D:4:      temple_hall, gup_sewer_entry_spiral

Skill      XL: |  1  2  3  4 |
---------------+-------------+-----
Spellcasting   | 3 |  3.5
Conjurations   | 2 |  2.3
Fire Magic     | 4 |  4.5
Dodging        | |  1.7
Stealth        | |  1.7

Action                   |  1- 3 |  4- 6 || total
-------------------------+-------+-------++-------
Melee: Unarmed           |    10 |       ||    10
       Tailslap          |     8 |    11 ||    19
       Short sword       |    56 |    25 ||    81
       Falchion          |       |    58 ||    58
 Cast: Flame Tongue      |    43 |    12 ||    55
       Sticky Flame      |       |     1 ||     1
  Use: Scroll            |     3 |     7 ||    10
       Potion            |     5 |     2 ||     7
 Stab: Sleeping          |     2 |     2 ||     4
       Distracted        |       |     1 ||     1
  Eat: Chunk             |     2 |     9 ||    11
Armor: Skin              |    34 |    23 ||    57
Dodge: Dodged            |    65 |    77 ||   142
       Rpst.: Falchion   |       |    24 ||    24

Table legend:
 A = Spawn XP
 B = Non-spawn XP
 C = Spawn XP percentage of total XP
 D = Spawn monster count
 E = Non-spawn monster count
 F = Spawn count percentage of total count
 G = Total turns spent on level
                    A         B        C        D         E        F      G
               +---------+---------+-------+---------+---------+-------+---------
         Total |       0 |     260 |   0.0 |       0 |      73 |   0.0 |  4111
               +---------+---------+-------+---------+---------+-------+---------
           D:1 |       0 |      74 |   0.0 |       0 |      29 |   0.0 |  1319
           D:2 |       0 |      80 |   0.0 |       0 |      17 |   0.0 |  1301
           D:3 |       0 |      98 |   0.0 |       0 |      23 |   0.0 |  1458
           D:4 |       0 |       8 |   0.0 |       0 |       4 |   0.0 |    33
               +---------+---------+-------+---------+---------+-------+---------
